 Dungeon Crawl Stone Soup version 0.28-a0-461-g2dc4ca5097 (webtiles) character file.

Game seed: 9067556991268468508

56 mg7810 the Skirmisher (level 4, -3/35 HPs)
             Began as a Djinni Cinder Acolyte on Sept 13, 2021.
             Was a High Priest of Ignis.
             Slain by a goblin (5 damage)
             ... led by Robin
             ... on level 2 of the Dungeon.
             The game lasted 00:03:16 (1519 turns).

mg7810 the Skirmisher (Djinni Cinder Acolyte)       Turns: 1519, Time: 00:03:16

Health: -3/35      AC:  2    Str: 14    XL:     4   Next: 17%
Gold:   71         EV: 11    Int: 15    God:    Ignis [*****.] SH:  0 Dex:  9

rFire   + + +      SeeInvis .   a - -1 hand axe (flame)
rCold   x . .      Faith    .   (no shield)
rNeg    . . .      Spirit   .   b - +0 robe
rPois   ∞          Reflect  .   (no helmet)
rElec   .          Harm     .   (no cloak)
rCorr   .          Rampage  .   (no gloves)
Will    .....                   (boots unavailable)
Stlth   +.........              (no amulet)
HPRegen 0.11/turn               (no ring)
MPRegen 0.00/turn               (no ring)

@: flying
A: sickness immunity, fire resistance 2, cold vulnerability 1, float, innate
caster, hp casting, extra vitality 1
a: Renounce Religion, Sea of Fire, Foxfire Swarm, Rising Flame


You were on level 2 of the Dungeon.
You worshipped Ignis.
Ignis was extremely pleased with you.
You visited 1 branch of the dungeon, and saw 2 of its levels.

You collected 71 gold pieces.

Inventory:

Hand Weapons
 a - a -1 hand axe of flaming (weapon)
Armour
 b - a +0 robe (worn)
Scrolls
 d - a scroll of vulnerability {unknown}
 e - a scroll of teleportation {unknown}
 f - a scroll of enchant armour {unknown}
 h - a scroll of fog {unknown}
 i - a scroll of identify {unknown}
Potions
 c - 2 potions of degeneration {unknown}
 g - a potion of mutation {unknown}
 j - a potion of haste {unknown}


   Skills:
 + Level 3.3 Fighting
 + Level 2.6 Axes
 + Level 1.6 Dodging
 + Level 3.0 Spellcasting


You had 6 spell levels left.
You knew the following spells:

 Your Spells              Type           Power      Damage    Failure   Level
a - Scorch                Fire           22%        2d6       9%          2
b - Animate Skeleton      Necr           22%        N/A       5%          1
Your spell library was empty.

Dungeon Overview and Level Annotations

Branches:
Dungeon (2/15)

Altars:
Kikubaaqudgha

Annotations:
D:2 Robin


Innate Abilities, Weirdness & Mutations

You are immune to sickness and miasma.
You are immune to poison.
Your flesh is very heat resistant. (rF++)
You are vulnerable to cold. (rC-)
You float through the air rather than walking.
You learn spells naturally, not from books.
Your magical power is your life essence.
You have superior vitality. (+4 HP)


Message History

The goblin misses you. The goblin hits you with a +0 club.
Robin flexes a bicep menacingly.
The hobgoblin moves out of view.
The fire ignites! x25
The goblin smothers the flame.
The fire ignites!
The goblin smothers the flame.
The hobgoblin smothers the flame.
The fire ignites! x8
The goblin smothers the flame.
The fire ignites! x13
The goblin smothers the flame.
The fire ignites! x4
The hobgoblin smothers the flame.
The fire ignites! x2
Really fly into that cloud of flame?
You are engulfed in blazing flames.
You resist. The goblin hits you with a +0 club. x2
You closely miss the frilled lizard. You closely miss the goblin. x2
You are engulfed in blazing flames.
You resist.
Robin roars a battlecry!
The goblins go into a battle-frenzy!
The frilled lizard bites you but does no damage.
The goblin closely misses you.
A hobgoblin comes into view.
The goblin closely misses you. Robin throws the goblin at you!
You miss the frilled lizard. You hit the goblin. You burn the goblin.
You hit the goblin but do no damage. You closely miss the goblin.
You are engulfed in blazing flames.
You resist. The goblin hits you but does no damage.
The frilled lizard bites you.
The goblin is engulfed in blazing flames.
You kill the goblin!
The goblin hits you with a +0 club.
* * * LOW HITPOINT WARNING * * *
Robin throws the goblin at you!
* * * LOW HITPOINT WARNING * * *
The goblin closely misses you. The frilled lizard bites you.
* * * LOW HITPOINT WARNING * * *
You hit the frilled lizard but do no damage.
You hit the goblin. You burn the goblin. You closely miss the goblin.
You hit the goblin. You burn the goblin.
You kill the goblin!
You are engulfed in blazing flames.
You resist.
* * * LOW HITPOINT WARNING * * *
A kobold comes into view. It is wielding a +0 club.
The goblin hits you with a +0 club.
You die...

#..#.†.## #.......##
#§ # #........## #§ .#
#.........###☼ ###§#
#............☼###.#§§.
#.........####§#§.§§#
##.......## #§§#§#§##.
##.....######§☼gg.ggK.
##....○§☼§§§@lg.gg...
###########ggg##§##.
#§☼#§# #§§.§§.
#§§..§§.. ##§.§§§##
#☼.§.§# #§.§§§#


You could see Robin, 5 hobgoblins, 4 goblins, a kobold and a frilled lizard.

Vanquished Creatures
  A hound (D:2)
  6 endoplasms
  4 hobgoblins
  3 ball pythons
  5 bats (D:2)
  2 frilled lizards (D:1)
  3 goblins
  3 kobolds
  2 rats
29 creatures vanquished.

Vanquished Creatures (others)
  6 foxfires (D:2)
6 creatures vanquished.

Grand Total: 35 creatures vanquished

Notes
Turn   | Place    | Note
-------+----------+-------------------------------------------
     0 | D:1      | mg7810 the Djinni Cinder Acolyte began the quest for the
                  | Orb.
     0 | D:1      | Reached XP level 1. HP: 20/20 MP: 0/0
   411 | D:1      | Reached XP level 2. HP: 25/25 MP: 0/0
   563 | D:1      | Found a faded altar of an unknown god.
   956 | D:2      | Reached skill level 1 in Dodging
   956 | D:2      | Reached XP level 3. HP: 28/30 MP: 0/0
   956 | D:2      | Learned a level 1 spell: Animate Skeleton
  1190 | D:2      | Reached XP level 4. HP: 26/35 MP: 0/0
  1511 | D:2      | Noticed Robin
  1519 | D:2      | HP: 1/35 [cloud of flame (2)]
  1519 | D:2      | Slain by a goblin

Illustrated notes

Levels and vault maps discovered:
D:1:      wander_arrival_estate, layout_loops_ring,
          shapermc_ecumenical_altar_rom_forum
D:2:      layout_loops_ring, basic_altar, minmay_tetromino_o4, uniq_robin

Skill      XL: |  1  2 |
---------------+-------+-----
Dodging        | 1 |  1.6
Spellcasting   | 3 |  3.0
Fighting       | |  3.3
Axes           | |  2.6

Action                   |  1- 3 |  4- 6 || total
-------------------------+-------+-------++-------
Melee: Hand axe          |    61 |    23 ||    84
Invok: Foxfire Swarm     |     1 |       ||     1
       Sea of Fire       |       |     1 ||     1
Armor: Robe              |    12 |     4 ||    16
Dodge: Dodged            |    39 |    21 ||    60

Table legend: (Time is in decaauts)
 A = Elapsed time spent in this place.
 B = Non-inter-level travel time spent in this place.
 C = Inter-level travel time spent in this place.
 D = Time resting spent in this place.
 E = Time spent auto-exploring this place.
 F = Levels seen in this place.
 G = Mean time per level.
                   A        B        C        D        E       F      G
               +--------+--------+--------+--------+--------+-----+--------+
         Total |   1533 |   1510 |     23 |      0 |   1262 |   2 |  766.5 |
       Dungeon |   1533 |   1510 |     23 |      0 |   1262 |   2 |  766.5 |
               +--------+--------+--------+--------+--------+-----+--------+

Top non-repeatable levels by time:
     D:1: 829 daAuts
     D:2: 704 daAuts
